[Event "*** Titled Tuesday Blitz"]
[Site "Chess.com"]
[Date "2020.04.28"]
[Round "5"]
[White "Mimsychess"]
[Black "YoungUzbek"]
[Result "1-0"]
[WhiteElo "2353"]
[BlackElo "2505"]
[TimeControl "180+1"]
[EndTime "10:53:13 PDT"]
[Termination "Mimsychess won by resignation"]

1. c4 Nf6 2. Nc3 e5 3. Nf3 d6 4.
d4 exd4 5. Nxd4 g6 6. e4 Bg7 7. Be2 O-O 8. Be3 Re8 9. f3 a5 10. Qd2 a4 11. O-O Nh5 12. Rad1 Nd7 13. Kh1 a3 14. b3 Ne5 15. Ndb5 Bd7 16. c5 dxc5 17. Bxc5 Qh4 18. Bf2 Qf4 19. Nxc7 Ng4 20. Qxf4 Nxf2+ 21. Rxf2 Nxf4 22. Nxa8 Bxc3 23. Rxd7 Rxa8 24. Bc4 1-0

[Event "*** Titled Tuesday Blitz"]
[Site "Chess.com"]
[Date "2020.04.28"]
[Round "5"]
[White "GHANDEEVAM2003"]
[Black "Tiqr777"]
[Result "1-0"]
[WhiteElo "2850"]
[BlackElo "2596"]
[TimeControl "180+1"]
[EndTime "10:53:14 PDT"]
[Termination "GHANDEEVAM2003 won by resignation"]

1. d4 d5 2. c4 dxc4 3. e3 e6 4. Bxc4 Nf6 5. Nf3 c5 6. O-O Nc6 7. dxc5 Bxc5 8. Qxd8+ Kxd8 9. a3 a6 10. b4 Ba7 11. Bb2 Ke7 12. Nc3 b5 13. Bd3 Bb7 14.
Ne4 Nxe4 15. Bxe4 f6 16. Rac1 Rac8 17. h4 Rhd8 18. Bxh7 a5 19. Be4 axb4 20. axb4 f5 21. Bb1 g6 22. Ne5 Nxe5 23. Bxe5 Rd2 24. Rxc8 Bxc8 25.
Rc1 Bd7 26. Kf1 Bb6 27. Ke1 Rd5 28. Bb2 e5 29. Ba2 Rd3 30. Bxe5 Bxe3 31. Rc2 Bd4 32. Ke2 Bxe5 33. Kxd3 f4 34. Ke2 Bf5 35. Rc5 1-0

[Event "*** Titled Tuesday Blitz"]
[Site "Chess.com"]
[Date "2020.04.28"]
[Round "5"]
[White "kingmonkey2006"]
[Black "woodhy"]
[Result "1-0"]
[WhiteElo "2596"]
[BlackElo "2355"]
[TimeControl "180+1"]
[EndTime "10:53:14 PDT"]
[Termination "kingmonkey2006 won by resignation"]

1. b3 Nf6 2. Bb2 g6 3. e4 Bg7 4. d3 O-O 5. Nd2 d6 6. Ngf3 e5 7. Be2 Nc6 8. O-O Bg4 9. c3 Nh5 10. h3 Be6 11. d4 exd4 12. cxd4 Nf4 13. Re1 Nxe2+ 14. Qxe2 Re8 15. Qd3 Nb4 16. Qc3 c5 17. a3 Nc6 18. Qd3 Qb6 19. d5 Bxb2 20. Nc4 Qc7 21.
Nxb2 Bd7 22. dxc6 bxc6 23. Rad1 Re6 24. Nc4 Rd8 25. Nxd6 Bc8 26. e5 f6 27. Qc3 fxe5 28.
Ne4 Rd5 29. Nxc5 Re7 30. Ne4 Be6 31. Nf6+ Kg7 32. Nxd5 Bxd5 33. Rxe5 1-0

[Event "*** Titled Tuesday Blitz"]
[Site "Chess.com"]
[Date "2020.04.28"]
[Round "5"]
[White "petrkostenko"]
[Black "Kimster98"]
[Result "1-0"]
[WhiteElo "2318"]
[BlackElo "2570"]
[TimeControl "180+1"]
[EndTime "10:53:14 PDT"]
[Termination "petrkostenko won by resignation"]

1. e4 e5 2. Nf3 Nf6 3. d3 Nc6 4. Nbd2 d5 5. c3 a5 6. Be2 Bc5 7. O-O O-O 8. Qc2 Qe7 9. b3 h6 10. a3 Be6 11. Bb2 b5 12. b4 axb4 13. cxb4 Nd4 14.
Nxd4 Bxd4 15. Bxd4 exd4 16. e5 Nd7 17. f4 Nb6 18.
Nb3 f6 19. f5 Bc8 20. e6 Bb7 21. Nxd4 Rfc8 22. Rfc1 c6 23. Bh5 Na4 24. Bf7+ Kh8 25. Qf2 c5 26. Ne2 cxb4 27. Nf4 Qd6 28. Qg3 Qb6+ 29.
Kf1 Rxc1+ 30. Rxc1 bxa3 31. Nh5 g5 32. fxg6 1-0

[Event "*** Titled Tuesday Blitz"]
[Site "Chess.com"]
[Date "2020.04.28"]
[Round "5"]
[White "fabianvivasz"]
[Black "Colombiano07"]
[Result "1-0"]
[WhiteElo "2401"]
[BlackElo "2221"]
[TimeControl "180+1"]
[EndTime "10:53:15 PDT"]
[Termination "fabianvivasz won by resignation"]

1. e4 e6 2. d4 d5 3. Nd2 c5 4. Ngf3 Nc6 5. exd5 Qxd5 6. Bc4 Qd7 7. Nb3 cxd4 8.
Nfxd4 Nxd4 9. Nxd4 a6 10. Be3 Qc7 11. Bb3 Nf6 12. Qf3 Bd7 13. O-O-O Bc5 14. Bf4 Qb6 15. Be5 Be7 16. g4 Qc5 17. Rhe1 Bc6 18. Nxc6 bxc6 19.
Bd4 Qg5+ 20. Be3 Qxg4 21. Qxc6+ 1-0

[Event "*** Titled Tuesday Blitz"]
[Site "Chess.com"]
[Date "2020.04.28"]
[Round "5"]
[White "blobica"]
[Black "Igor_Lysyj"]
[Result "0-1"]
[WhiteElo "2557"]
[BlackElo "2796"]
[TimeControl "180+1"]
[EndTime "10:53:18 PDT"]
[Termination "Igor_Lysyj won by resignation"]

1. e4 e5 2. Nf3 Nc6 3. Bb5 a6 4. Ba4 Nf6 5. d3 Bc5 6. O-O d6 7. c3 O-O 8. Qe2 Ba7 9. h3 Ne7 10. Re1 Ng6 11. Bc2 Nh5 12. Be3 Nhf4 13. Qf1 Nh4 14. Nxh4 Qxh4 15. Bxf4 Qxf4 16. Qe2 f5 17. Rf1 fxe4 18. dxe4 Bxh3 0-1

[Event "*** Titled Tuesday Blitz"]
[Site "Chess.com"]
[Date "2020.04.28"]
[Round "5"]
[White "indfraeng"]
[Black "Kavyev_Ruslan"]
[Result "0-1"]
[WhiteElo "2273"]
[BlackElo "2483"]
[TimeControl "180+1"]
[EndTime "10:53:24 PDT"]
[Termination "Kavyev_Ruslan won by resignation"]

1. d4 Nf6 2. c4 g6 3. g3 c6 4. Bg2 d5 5. Qa4 Nfd7 6. cxd5 Nb6 7. Qd1 cxd5 8. Nc3 Bg7 9. Nf3 Nc6 10. O-O O-O 11.
Bf4 Bg4 12. e3 e6 13. h3 Bxf3 14. Bxf3 Nc4 15. b3 Nd6 16. Rc1 Rc8 17. g4 a6 18. Bg2 b5 19. Bg3 Qd7 20. Qe2 Rc7 21.
a4 b4 22. Na2 a5 23. Rc5 Rfc8 24. Rfc1 Bxd4 25. exd4 Nxd4 26. Qd3 Rxc5 27. Rxc5 Rxc5 28. Qxd4 Rc2 29. Qf4 Rxa2 30. Qxd6 Qxd6 31. Bxd6 Rb2 32.
Bc7 Rxb3 33. Bxa5 Rb1+ 34. Kh2 b3 35. Bc3 Rc1 36. Be5 Rc2 37. a5 b2 38. Bxb2 Rxb2 39. a6 Rxf2 40. Kg3 Ra2 41. Bf1 Kf8 42. Kf4 f6 43.
Ke3 e5 44. Bb5 Ke7 45. Kd3 Kd6 46. Kc3 Kc5 47. Bd3 Ra3+ 48. Kb2 Ra5 49. Kb3 Kb6 50. Kb4 Rxa6 51. Bxa6 Kxa6 52. Kc5 d4 53. Kc4 Kb6 54. h4 Kc6 0-1

[Event "*** Titled Tuesday Blitz"]
[Site "Chess.com"]
[Date "2020.04.28"]
[Round "5"]
[White "stanyga"]
[Black "IljaJoke"]
[Result "1-0"]
[WhiteElo "2701"]
[BlackElo "2482"]
[TimeControl "180+1"]
[EndTime "10:53:26 PDT"]
[Termination "stanyga won by resignation"]

1. e4 e5 2. Nf3 Nc6 3. Bb5 a6 4.
Ba4 Nf6 5. O-O b5 6. Bb3 Bc5 7. c3 d6 8. d4 Bb6 9. h3 O-O 10. Re1 Bb7 11. Be3 exd4 12. cxd4 Na5 13. d5 Bxe3 14.
Rxe3 Nxb3 15. Qxb3 c6 16. dxc6 Bxc6 17. Nc3 Re8 18.
Rae1 Nd7 19. Nd4 Rc8 20. Nf5 Nc5 21. Qd1 Re6 22. Rg3 g6 23. Qd4 Qf6 24. Qxf6 Rxf6 25. Ne7+ 1-0

[Event "*** Titled Tuesday Blitz"]
[Site "Chess.com"]
[Date "2020.04.28"]
[Round "5"]
[White "ShieldingOff"]
[Black "Quattroporte300"]
[Result "0-1"]
[WhiteElo "2019"]
[BlackElo "2303"]
[TimeControl "180+1"]
[EndTime "10:53:27 PDT"]
[Termination "Quattroporte300 won on time"]

1. d4 Nf6 2. c4 e6 3. g3 d5 4. Bg2 dxc4 5. Nf3 c5 6. O-O Nc6 7. dxc5 Qxd1 8. Rxd1 Bxc5 9. Na3 c3 10.
bxc3 O-O 11. Nb5 Ne4 12. Nfd4 Nxc3 13. Nxc3 Bxd4 14. Bb2 Bf6 15. Rab1 Rd8 16. Ne4 Rxd1+ 17. Rxd1 Bxb2 18. Nc5 g6 0-1

[Event "*** Titled Tuesday Blitz"]
[Site "Chess.com"]
[Date "2020.04.28"]
[Round "5"]
[White "Gromes7"]
[Black "MateSchmate"]
[Result "0-1"]
[WhiteElo "2083"]
[BlackElo "2467"]
[TimeControl "180+1"]
[EndTime "10:53:28 PDT"]
[Termination "MateSchmate won by resignation"]

1. d4 c5 2. Nf3 cxd4 3. g3 e5 4. Bg2 Nc6 5. O-O Nf6 6. c3 dxc3 7. Nxc3 d5 8. Bg5 Be6 9. Qa4 Qd7 10. Rfd1 Bc5 11. Bxf6 gxf6 12. Rac1 Bb6 13. e3 O-O 14. Nh4 d4 15. Ne4 Qe7 16. exd4 Nxd4 17. Nc3 Rac8 18. Kh1 Kh8 19. f4 Rfd8 20. fxe5 fxe5 21. Re1 Rc4 22. Qd1 f6 23. Qh5 Qf7 24. Qxf7 Bxf7 25. b3 Rxc3 26.
Rxc3 Ba5 27. Rce3 Nc2 28. Rxe5 fxe5 29. Rxe5 Rd1+ 30. Bf1 Bd5+ 31. Kg1 Bb6+ 0-1

[Event "*** Titled Tuesday Blitz"]
[Site "Chess.com"]
[Date "2020.04.28"]
[Round "5"]
[White "isla88"]
[Black "murtas73"]
[Result "0-1"]
[WhiteElo "2313"]
[BlackElo "2591"]
[TimeControl "180+1"]
[EndTime "10:53:30 PDT"]
[Termination "murtas73 won by resignation"]

1. c4 e5 2. Nc3 Nc6 3. Nf3 d6 4. g3 f5 5. Bg2 g6 6. d4 e4 7. Nd2 Bg7 8. e3 Nf6 9. O-O O-O 10. f3 exf3 11. Nxf3 Kh8 12. d5 Na5 13. Qa4 c5 14. e4 Bd7 15. Qc2 Nxc4 16. Ng5 Qe7 17. b3 Nb6 18. Bb2 fxe4 19. Ngxe4 Bf5 20. Rae1 Rae8 21. h3 Nbd7 22. g4 Nxe4 23. gxf5 Bd4+ 24. Kh1 Ng3+ 25. Kh2 Nxf1+ 26. Rxf1 Qe5+ 27. Kh1 Rxf5 28.
Rxf5 gxf5 0-1

[Event "*** Titled Tuesday Blitz"]
[Site "Chess.com"]
[Date "2020.04.28"]
[Round "5"]
[White "Koksik_13"]
[Black "Frogo47"]
[Result "1-0"]
[WhiteElo "2709"]
[BlackElo "2489"]
[TimeControl "180+1"]
[EndTime "10:53:31 PDT"]
[Termination "Koksik_13 won by resignation"]

1. d4 Nf6 2. Nc3 d5 3. Bf4 c5 4. e3 cxd4 5. exd4 a6 6. Nf3 Nc6 7. Ne5 Bd7 8. Be2 e6 9. O-O Be7 10. Qd2 O-O 11. Qe3 Rc8 12. Rad1 b5 13. a3 Re8 14.
Bd3 Qb6 15. Ne2 Na5 16. Qh3 g6 17. Bg5 Rc7 18. Qh4 Kg7 19. Ng4 Nxg4 20. Bxe7 h5 21. h3 Nh6 22. Bf6+ Kh7 23. Qxh5 e5 24. Bg5 1-0

[Event "*** Titled Tuesday Blitz"]
[Site "Chess.com"]
[Date "2020.04.28"]
[Round "5"]
[White "korkmaz16"]
[Black "KarstenHansch"]
[Result "1-0"]
[WhiteElo "2284"]
[BlackElo "2435"]
[TimeControl "180+1"]
[EndTime "10:53:32 PDT"]
[Termination "korkmaz16 won by resignation"]

1. e4 c6 2. d4 d5 3. e5 Bf5 4. h4 h5 5. Ne2 e6 6. Ng3 Bg6 7. Be2 Be7 8. Bxh5 Bxh5 9. Nxh5 g6 10.
Nf4 Rxh4 11. Rxh4 Bxh4 12. Qd3 Bg5 13. Nxe6 Qa5+ 14. b4 Qxb4+ 15. c3 Bxc1 16. cxb4 fxe6 17. Qxg6+ Kf8 18. Nd2 Bb2 19. Rb1 Bxd4 20. Nf3 Bc3+ 21. Ke2 Nd7 22. Ng5 Nxe5 23. Qxe6 Re8 24. Nh7+ Kg7 25.
Qxe8 Kxh7 26. Qf8 1-0

[Event "*** Titled Tuesday Blitz"]
[Site "Chess.com"]
[Date "2020.04.28"]
[Round "5"]
[White "TudorAnton"]
[Black "Baby_Legs"]
[Result "1-0"]
[WhiteElo "2519"]
[BlackElo "2692"]
[TimeControl "180+1"]
[EndTime "10:53:33 PDT"]
[Termination "TudorAnton won by resignation"]

1. d4 Nf6 2. c4 e6 3. Nc3 Bb4 4. Nf3 d6 5. g3 Bxc3+ 6. bxc3 b6 7. Bg2 Bb7 8. O-O Nbd7 9. a4 a5 10. Ba3 O-O 11. Re1 Ne4 12. Qc2 Rb8 13. Rab1 c5 14. Bc1 Qe7 15. Rd1 Rfd8 16. Ne1 f5 17. Nd3 Nef6 18. Bxb7 Rxb7 19. Bg5 h6 20. Bxf6 Nxf6 21.
Nf4 Rc8 22. d5 exd5 23. Qxf5 Re8 24. Nxd5 Nxd5 25. Qxd5+ Qf7 26. Qxf7+ Kxf7 27. Rxd6 Re4 28. Rdxb6 Rxb6 29. Rxb6 Rxc4 30. Rb5 Rxa4 31. Rxc5 1-0

[Event "*** Titled Tuesday Blitz"]
[Site "Chess.com"]
[Date "2020.04.28"]
[Round "5"]
[White "manitodeplomo"]
[Black "Galileo22"]
[Result "1-0"]
[WhiteElo "2606"]
[BlackElo "2331"]
[TimeControl "180+1"]
[EndTime "10:53:34 PDT"]
[Termination "manitodeplomo won by resignation"]

1. d4 Nf6 2. c4 e6 3. Nf3 d5 4. Nc3 Nbd7 5. c5 c6 6. Bf4 b6 7. b4 a5 8. a3 Be7 9. e3 b5 10.
h3 O-O 11. Bd3 Re8 12. O-O Bf8 13. Bh2 g6 14. Qb3 Bb7 15. a4 bxa4 16. Rxa4 axb4 17.
Qxb4 Ba6 18. Rxa6 Rxa6 19. Bxa6 Ne4 20. Nxe4 dxe4 21. Ne5 Nxe5 22. Bxe5 f6 23. Bg3 e5 1-0

[Event "*** Titled Tuesday Blitz"]
[Site "Chess.com"]
[Date "2020.04.28"]
[Round "5"]
[White "GMJustin"]
[Black "hedgehog280"]
[Result "0-1"]
[WhiteElo "2429"]
[BlackElo "2685"]
[TimeControl "180+1"]
[EndTime "10:53:35 PDT"]
[Termination "hedgehog280 won on time"]

1. d4 d6 2. Nc3 g6 3. e4 Bg7 4. f4 Nf6 5. Nf3 O-O 6. a3 Nc6 7. e5 dxe5 8. dxe5 Qxd1+ 9. Nxd1 Nd5 10. c4 Nb6 11. Nc3 f6 12. exf6 exf6 13. c5 Nd7 14.
Bc4+ Kh8 15. b4 f5 16. Bb2 a5 17. O-O-O axb4 18. axb4 Nxb4 19. Nb5 Bxb2+ 20. Kxb2 Nxc5 21. Nxc7 Ra2+ 22. Kb1 Rxg2 23. Ne5 Na4 0-1

[Event "*** Titled Tuesday Blitz"]
[Site "Chess.com"]
[Date "2020.04.28"]
[Round "5"]
[White "almo64"]
[Black "Sashadav97"]
[Result "1-0"]
[WhiteElo "2833"]
[BlackElo "2746"]
[TimeControl "180+1"]
[EndTime "10:53:38 PDT"]
[Termination "almo64 won by resignation"]

1. e4 c5 2. Nc3 Nc6 3. Nf3 d6 4.
d4 cxd4 5. Nxd4 Nf6 6. Bg5 e6 7. Qd2 a6 8. Nxc6 bxc6 9. O-O-O Be7 10. Bxf6 gxf6 11. Bc4 Qa5 12. Kb1 Rb8 13. Bb3 h5 14. f4 Bd7 15. Rhe1 h4 16. Re3 Qc7 17. f5 e5 18. Qe1 a5 19. Rh3 Rb4 20. Rxh4 Rxh4 21.
Qxh4 a4 22. Bxa4 d5 23. Qh8+ Bf8 24. Qxf6 d4 25. Bb3 Rxb3 26. axb3 dxc3 27. bxc3 Qa5 28.
Rxd7 Kxd7 29. Qxf7+ Be7 30. f6 1-0

[Event "*** Titled Tuesday Blitz"]
[Site "Chess.com"]
[Date "2020.04.28"]
[Round "5"]
[White "Klavdia_Nik"]
[Black "VALPARAISO37"]
[Result "0-1"]
[WhiteElo "2037"]
[BlackElo "2362"]
[TimeControl "180+1"]
[EndTime "10:53:38 PDT"]
[Termination "VALPARAISO37 won on time"]

1. Nf3 d5 2. c4 e6 3. b3 Be7 4. Bb2 Bf6 5. Nc3 Ne7 6. g3 c5 7.
Bg2 Nbc6 8. O-O O-O 9. d3 g6 10. Na4 Bxb2 11. Nxb2 d4 12. a3 a5 13. Na4 b6 14. Qc2 Bb7 15. Rfb1 Qc7 16. e3 e5 17.
exd4 exd4 18. Re1 Nf5 19. Re2 Rae8 20. Rae1 Rxe2 21. Qxe2 Kg7 22. h3 Nd6 23. Ne5 Re8 24.
Qf3 f6 25. Nxc6 Rxe1+ 26. Kh2 Nf5 27. Qd5 Nh4 28. Be4 Rf1 0-1

[Event "*** Titled Tuesday Blitz"]
[Site "Chess.com"]
[Date "2020.04.28"]
[Round "5"]
[White "atalz0"]
[Black "CaspiIsrael"]
[Result "1-0"]
[WhiteElo "2438"]
[BlackElo "2620"]
[TimeControl "180+1"]
[EndTime "10:53:39 PDT"]
[Termination "atalz0 won by checkmate"]

1. d4 Nf6 2. c4 e6 3. Nc3 Bb4 4. Qc2 d5 5. cxd5 Qxd5 6. Nf3 Qf5 7. Qxf5 exf5 8. a3 Ba5 9. g3 c6 10. Bg2 Be6 11. O-O Nbd7 12. b4 Bc7 13. b5 Ba5 14. bxc6 Bxc3 15. cxd7+ Nxd7 16. Rb1 Bd5 17. Bd2 Bxd2 18.
Nxd2 Bxg2 19. Kxg2 b6 20. Rb5 g6 21. e4 fxe4 22.
Nxe4 O-O 23. Rd5 Nb8 24. Rc1 Kg7 25. Rc7 Na6 26. Rcd7 Rfe8 27. Nd6 Rf8 28. Nb5 Nb8 29.
Rc7 a6 30. Nd6 b5 31. Re5 Kf6 32. Ree7 Rd8 33. Ne4+ Kf5 34. Re5+ Kg4 35. h3# 1-0

[Event "*** Titled Tuesday Blitz"]
[Site "Chess.com"]
[Date "2020.04.28"]
[Round "5"]
[White "INLOVEWITHF"]
[Black "FightingChess"]
[Result "1-0"]
[WhiteElo "2536"]
[BlackElo "2366"]
[TimeControl "180+1"]
[EndTime "10:53:40 PDT"]
[Termination "INLOVEWITHF won by resignation"]

1. d4 d5 2. c4 c6 3. Nf3 Nf6 4. Nc3 dxc4 5. a4 Bf5 6. Ne5 Nbd7 7. Nxc4 Nb6 8. Ne5 a5 9. f3 Nfd7 10. e4 Nxe5 11. dxe5 Qxd1+ 12. Kxd1 Be6 13. Be3 Nc4 14. Bxc4 Bxc4 15. Kc2 e6 16. b3 Ba6 17. Rad1 Rd8 18.
Rxd8+ Kxd8 19. Bb6+ Kc8 20. Bxa5 Bc5 21. b4 Bd4 22.
Rd1 Bxc3 23. Kxc3 h5 24. Kd4 h4 25. Kc5 h3 26. b5 cxb5 27. axb5 b6+ 28. Kxb6 Bb7 29.
Rc1+ Kb8 30. Bb4 1-0

[Event "*** Titled Tuesday Blitz"]
[Site "Chess.com"]
[Date "2020.04.28"]
[Round "5"]
[White "lifeissofun"]
[Black "Natalya_Buksa"]
[Result "0-1"]
[WhiteElo "2351"]
[BlackElo "2528"]
[TimeControl "180+1"]
[EndTime "10:53:43 PDT"]
[Termination "Natalya_Buksa won by resignation"]

1. e4 c5 2. Nf3 Nc6 3. d4 cxd4 4. Nxd4 Nf6 5. Nc3 e5 6. Ndb5 d6 7. Nd5 Nxd5 8. exd5 Nb8 9. a4 Nd7 10. Be2 Be7 11. O-O a6 12. Na3 O-O 13. f4 f5 14.
Kh1 Bf6 15. c4 Qe8 16. Rb1 a5 17. Nb5 Qe7 18. b3 Nc5 19. Ba3 b6 20. Bxc5 bxc5 21. fxe5 Bxe5 22. Rf3 g5 23. Bd3 g4 24. Re3 f4 25. Re1 Qh4 26. Qc2 f3 27. gxf3 Rxf3 28. Re2 Bd7 29. Nc7 Raf8 30. Rg2 Rf2 31. Bxh7+ Kh8 0-1

[Event "*** Titled Tuesday Blitz"]
[Site "Chess.com"]
[Date "2020.04.28"]
[Round "5"]
[White "Training_Day"]
[Black "bmt011"]
[Result "0-1"]
[WhiteElo "2283"]
[BlackElo "2041"]
[TimeControl "180+1"]
[EndTime "10:53:43 PDT"]
[Termination "bmt011 won by resignation"]

1. e4 e6 2. d4 d5 3. e5 c5 4.
c3 Nc6 5. Nf3 Qb6 6. a3 Nh6 7.
b4 cxd4 8. Bxh6 gxh6 9. cxd4 Rg8 10. h3 Bd7 11. Ra2 O-O-O 12. Rc2 Kb8 13. Nc3 Nxb4 14. axb4 Bxb4 15. Qa1 Rc8 16. Kd1 Bxc3 17. Rxc3 Rxc3 18. Qxc3 Rc8 19. Qd3 Qb2 20. Qd2 Ba4+ 21.
Ke2 Rc2 0-1

[Event "*** Titled Tuesday Blitz"]
[Site "Chess.com"]
[Date "2020.04.28"]
[Round "5"]
[White "Andro2"]
[Black "Kobalia"]
[Result "0-1"]
[WhiteElo "2435"]
[BlackElo "2699"]
[TimeControl "180+1"]
[EndTime "10:53:45 PDT"]
[Termination "Kobalia won by resignation"]

1. e4 c6 2. d4 d5 3. Nd2 g6 4.
Ngf3 Bg7 5. c3 Nh6 6. Bd3 O-O 7. O-O f6 8. Re1 Nf7 9. h3 e5 10. exd5 cxd5 11. dxe5 fxe5 12. Bc2 Nc6 13. Nf1 e4 14.
Nd4 Nxd4 15. cxd4 Nd6 16. Bb3 Be6 17. Be3 Nf5 18. Rc1 Kh8 19. Qd2 Qf6 20. Rc5 Qf7 21.
Rec1 Rad8 22. Ng3 Nh4 23. Bg5 Bf6 24. Rc7 Bxg5 25. Rxf7 Bxd2 26. Rxf8+ Rxf8 27. Rc7 e3 28. fxe3 Bxe3+ 29. Kh2 Rf2 0-1

[Event "*** Titled Tuesday Blitz"]
[Site "Chess.com"]
[Date "2020.04.28"]
[Round "5"]
[White "chessablanca"]
[Black "dzhumagaliev"]
[Result "0-1"]
[WhiteElo "2443"]
[BlackElo "2731"]
[TimeControl "180+1"]
[EndTime "10:53:46 PDT"]
[Termination "dzhumagaliev won by checkmate"]

1. g3 h5 2. Nf3 Nc6 3. Bg2 e5 4. d3 d5 5. Nc3 d4 6. Ne4 Be7 7. h4 Nf6 8. Bg5 Nxe4 9. dxe4 f6 10. Bd2 Bg4 11. Nh2 Be6 12. f4 Qd7 13. f5 Bf7 14. g4 hxg4 15. Nxg4 Bh5 16. Bf3 O-O-O 17. a3 g6 18. Rg1 gxf5 19. exf5 Qxf5 20. Nh6 Rxh6 21.
Bxh6 e4 22. Bxh5 Qxh5 23. Bf4 Qxh4+ 24. Bg3 Qh3 25. b4 Rg8 26. Bf2 Qc3+ 27. Kf1 Qh3+ 28.
Ke1 Rxg1+ 29. Bxg1 Qh4+ 30. Kf1 e3 31. Qe1 Qh3# 0-1

[Event "*** Titled Tuesday Blitz"]
[Site "Chess.com"]
[Date "2020.04.28"]
[Round "5"]
[White "fastestmindalive"]
[Black "AleksanderHnydiuk"]
[Result "1-0"]
[WhiteElo "2815"]
[BlackElo "2572"]
[TimeControl "180+1"]
[EndTime "10:53:47 PDT"]
[Termination "fastestmindalive won by resignation"]

1. e4 Nf6 2. e5 Nd5 3. c4 Nb6 4. c5 Nd5 5. Nc3 e6 6. d4 d6 7.
cxd6 cxd6 8. Nf3 Nc6 9. Bd3 dxe5 10. dxe5 Nxc3 11. bxc3 Be7 12. O-O O-O 13. Qe2 Bd7 14. h4 Rc8 15. Rd1 Qc7 16. Bg5 Bxg5 17. Bxh7+ Kh8 18.
Nxg5 g6 19. Qf3 f6 20. exf6 Ne5 21. Qf4 Bc6 22. Nxe6 Nf3+ 23. gxf3 Qxf4 24. Nxf4 Kxh7 25. Rd6 Bxf3 26. Re1 Rf7 27. Ne6 Bg4 28. Ng5+ Kg8 29. Nxf7 1-0

[Event "*** Titled Tuesday Blitz"]
[Site "Chess.com"]
[Date "2020.04.28"]
[Round "5"]
[White "VinzentSpitzl"]
[Black "Charlottemillard17"]
[Result "1-0"]
[WhiteElo "2384"]
[BlackElo "1409"]
[TimeControl "180+1"]
[EndTime "10:53:47 PDT"]
[Termination "VinzentSpitzl won by checkmate"]

1. e4 e5 2. Nf3 Nc6 3. Bb5 a6 4.
Ba4 Bc5 5. O-O b5 6. Bb3 Nf6 7. c3 O-O 8. d4 exd4 9. cxd4 Bb6 10. Nc3 b4 11. Nd5 Nxe4 12. Nxb6 cxb6 13. Bf4 Qf6 14. Be5 Nxe5 15. dxe5 Qf4 16. Bd5 Rb8 17. Qd4 Bb7 18. Bxb7 Rxb7 19. Rfe1 f5 20. Qd5+ Kh8 21. Qxb7 Rd8 22.
Qxb6 g5 23. Qxd8+ Kg7 24. Qxd7+ Kh6 25. Qe6+ Kh5 26. Qf7+ Kh6 27. Rxe4 Qxe4 28. Qf6+ Kh5 29. Qxg5# 1-0

[Event "*** Titled Tuesday Blitz"]
[Site "Chess.com"]
[Date "2020.04.28"]
[Round "5"]
[White "ChessBitl"]
[Black "bazar-wokzal"]
[Result "0-1"]
[WhiteElo "2293"]
[BlackElo "2505"]
[TimeControl "180+1"]
[EndTime "10:53:48 PDT"]
[Termination "bazar-wokzal won by resignation"]

1. e4 Nc6 2. Nf3 d5 3. exd5 Qxd5 4. Nc3 Qa5 5. d4 Bg4 6. h3 Bxf3 7. Qxf3 O-O-O 8. Be3 e5 9. dxe5 Ba3 10. Bd2 Bxb2 11. Rb1 Qxe5+ 12. Be2 Nd4 13. Qe4 Qxe4 14. Nxe4 Ba3 15.
Bg4+ f5 16. c3 fxg4 17. cxd4 Re8 18. f3 gxf3 19. gxf3 Nf6 20. O-O Nxe4 21. fxe4 Rxe4 22. Rf7 Rxd4 23. Bf4 Bd6 24. Bxd6 Rxd6 25. Rxg7 Rg6+ 26.
Rxg6 hxg6 27. Kg2 Rh4 28. Rf1 Ra4 29. Rf2 c5 30. Kg3 c4 31. Rf6 c3 32. Rxg6 c2 33.
Rg8+ Kc7 34. Rg7+ Kb6 35. Rg6+ Kb5 36. Rg5+ Kb4 37. a3+ Rxa3+ 0-1

[Event "*** Titled Tuesday Blitz"]
[Site "Chess.com"]
[Date "2020.04.28"]
[Round "5"]
[White "Gubajdullin"]
[Black "Riazantsev"]
[Result "0-1"]
[WhiteElo "2483"]
[BlackElo "2664"]
[TimeControl "180+1"]
[EndTime "10:53:51 PDT"]
[Termination "Riazantsev won on time"]

1. d4 e6 2. Bf4 b6 3. e3 Bb7 4. Nf3 f5 5. Be2 Be7 6. O-O d6 7. c4 g5 8. Bg3 h5 9. h4 g4 10. Ng5 Bxg5 11. hxg5 Qxg5 12. d5 e5 13. f4 gxf3 14.
Rxf3 h4 15. Bh2 Nd7 16. Nc3 a6 17. e4 f4 18. Rh3 O-O-O 19. b4 Ngf6 20. a4 Rdg8 21.
Bf3 Kd8 22. a5 Bc8 23. axb6 Nxb6 24. Kh1 Nxc4 25. b5 Ne3 26. Qe2 axb5 27. Nxb5 Nh5 28.
Ra8 Ke7 29. Ra7 Bxh3 30. gxh3 Ng3+ 31. Bxg3 Qxg3 32. Rxc7+ Kf6 33. Bg4 Rxg4 34. hxg4 Rg8 0-1

[Event "*** Titled Tuesday Blitz"]
[Site "Chess.com"]
[Date "2020.04.28"]
[Round "5"]
[White "GiorgianBarbosa"]
[Black "Sergey85Rodchenkov"]
[Result "1-0"]
[WhiteElo "2314"]
[BlackElo "2518"]
[TimeControl "180+1"]
[EndTime "10:53:51 PDT"]
[Termination "GiorgianBarbosa won by resignation"]

1. c4 e5 2. g3 Nf6 3. Bg2 Nc6 4.
Nc3 Bc5 5. e3 d6 6. Nge2 a6 7.
O-O Ba7 8. a3 O-O 9. b4 Bf5 10.
Bb2 Qd7 11. Nd5 Nxd5 12. cxd5 Ne7 13. Rc1 Bd3 14. Re1 b5 15. Nc3 f5 16. Bf1 Bxf1 17. Rxf1 f4 18. exf4 exf4 19. Qe2 Nxd5 20. Nxd5 Rae8 21.
Qh5 c6 22. Nxf4 Rf5 23. Qg4 1-0

[Event "*** Titled Tuesday Blitz"]
[Site "Chess.com"]
[Date "2020.04.28"]
[Round "5"]
[White "maziarbagheri"]
[Black "calin_dragomirescu"]
[Result "1-0"]
[WhiteElo "2405"]
[BlackElo "2245"]
[TimeControl "180+1"]
[EndTime "10:53:52 PDT"]
[Termination "maziarbagheri won by resignation"]

1. Nf3 g6 2. c4 Bg7 3. Nc3 Nf6 4. e4 d6 5. d4 O-O 6. Be2 e5 7. O-O exd4 8. Nxd4 Re8 9. f3 c6 10. Bg5 Qb6 11. Na4 Qc7 12. Qd2 Na6 13. Rad1 Nc5 14.
Nc3 a5 15. Kh1 a4 16. Nc2 Qb6 17. Ne3 h6 18. Bf4 a3 19. b3 Nh5 20. Bxd6 Rd8 21. Bxc5 Rxd2 22. Bxb6 Bxc3 23. Rxd2 Bxd2 24. Rd1 Bc3 25.
Rd8+ Kg7 26. g3 Ra6 27. Bc5 Be6 28. Kg2 Nf6 29. Bf8+ Kh7 30. Nc2 Nd7 31. Bxa3 Bf6 32. Re8 Kg7 33. f4 Nb6 34. e5 Bd7 35. exf6+ Kxf6 36. Re3 Bf5 37. Bd3 Bxd3 38. Rxd3 Ke6 39. Kf3 Nd7 40. Re3+ Kf6 41. Bb2+ 1-0

[Event "*** Titled Tuesday Blitz"]
[Site "Chess.com"]
[Date "2020.04.28"]
[Round "5"]
[White "queen_iryna"]
[Black "eightbyeightchess"]
[Result "0-1"]
[WhiteElo "2271"]
[BlackElo "2493"]
[TimeControl "180+1"]
[EndTime "10:53:55 PDT"]
[Termination "eightbyeightchess won by checkmate"]

1. d4 d5 2. Nc3 Nf6 3. Bg5 Bf5 4. Bxf6 gxf6 5. e3 Nc6 6. Bd3 Bg6 7. Nge2 Rg8 8. Ng3 e6 9. h4 Bxd3 10. Qxd3 f5 11.
O-O-O Bd6 12. Nce2 Qd7 13. a3 O-O-O 14. Kb1 Kb8 15.
c4 dxc4 16. Qxc4 Na5 17. Qc3 Qa4 18. d5 Rg4 19. dxe6 Rc4 20. Qd3 fxe6 21. Rc1 Be7 22.
Rxc4 Nxc4 23. Qc3 Rd2 24. Qh8+ Bd8 25. Kc1 Qc2# 0-1

[Event "*** Titled Tuesday Blitz"]
[Site "Chess.com"]
[Date "2020.04.28"]
[Round "5"]
[White "szefru"]
[Black "Kingsman132"]
[Result "1/2-1/2"]
[WhiteElo "2122"]
[BlackElo "2408"]
[TimeControl "180+1"]
[EndTime "10:53:55 PDT"]
[Termination "Game drawn by repetition"]

1. e4 c5 2. Nf3 Nf6 3. e5 Nd5 4. b3 d6 5. exd6 exd6 6. Bb5+ Bd7 7. Bxd7+ Qxd7 8. O-O Be7 9. d4 Nc6 10. c4 Nf6 11. Bb2 O-O 12. Nc3 Rad8 13. Qd2 d5 14. Nxd5 Nxd5 15. cxd5 Qxd5 16. Rad1 cxd4 17. Qf4 Bf6 18.
Rd3 Rfe8 19. Rfd1 Re4 20. Qc7 Re7 21. Qg3 Red7 22. a3 Qe4 23. h3 Qe2 24. R1d2 Qe4 25. Rd1 Qe2 26. R1d2 Qe4 27. Rd1 1/2-1/2